 Dungeon Crawl Stone Soup version 0.24.0-1-gfbc8707 (webtiles) character file.

Game seed: 6988925698028631468, levelgen mode: deterministic

53655 Buxparty the Unseen (level 14, -2/77 HPs)
             Began as a Spriggan Assassin on Jan 2, 2020.
             Was a High Priest of Dithmenos.
             Slain by a merfolk
             ... wielding a +0 spear
              (16 damage)
             ... on level 2 of the Shoals.
             The game lasted 02:01:19 (24299 turns).

Buxparty the Unseen (Spriggan Assassin)            Turns: 24299, Time: 02:01:20

Health: -2/77      AC:  6    Str: 15    XL:     14   Next: 31%
Magic:  0/34       EV: 32    Int: 21    God:    Dithmenos [*****.]
Gold:   1266       SH:  0    Dex: 20    Spells: 13/13 levels left

rFire    + + .     SeeInvis +   C - +4 dagger of Madwu {drain, Fragile MP+9 Stlth+}
rCold    + . .     Gourm    .   (shield restricted)
rNeg     + + .     Faith    .   z - +2 robe "Gaveal" {rF++ rC+ Regen+ rCorr}
rPois    .         Spirit   +   p - +1 hat
rElec    .         Reflect  .   c - +0 cloak
rCorr    +         Harm     .   (gloves unavailable)
MR       ++...                  (boots unavailable)
Stlth    +++++++...             j - amulet of guardian spirit
HPRegen  0.62/turn              K - ring "Rusai" {rN+ Int+2 Dex+2 SInv}
MPRegen  0.24/turn              x - ring of Unke {*Contam +Fly rN+ Str+4 Int+6}

@: wreathed by umbra, slow
A: very small, unfitting armour, see invisible, herbivore, speed 3, screaming 2,
slow metabolism 2
a: Shadow Step, Shadow Form, Renounce Religion, Evoke Flight


You were on level 2 of the Shoals.
You worshipped Dithmenos.
Dithmenos was extremely pleased with you.
You were very full.

You visited 6 branches of the dungeon, and saw 20 of its levels.

You collected 1266 gold pieces.

Inventory:

Hand Weapons
 q - a +0 shortbow
 C - the +4 dagger of Madwu (weapon) {drain, Fragile MP+9 Stlth+}
   (You found it on level 5 of the Dungeon)

   A truly terrible weapon, it drains the life of those it strikes.
   It affects your magic capacity (+9).
   It will be destroyed if unequipped.
   It makes you more stealthy.
 Q - a +2 dagger of venom
Missiles
 h - 46 poisoned darts (quivered)
 l - 196 arrows
Armour
 c - a +0 cloak (worn)
 e - a +1 robe of positive energy
 p - a +1 hat (worn)
 z - the +2 robe "Gaveal" (worn) {rF++ rC+ Regen+ rCorr}
   (You found it on level 6 of the Lair of Beasts)

   It greatly protects you from fire.
   It protects you from cold.
   It increases your rate of regeneration.
   It provides partial protection from all sources of acid and corrosion.
 X - a scarf of spirit shield
Jewellery
 j - an amulet of guardian spirit (around neck)
 k - an uncursed ring of resist corrosion {unknown}
 x - the ring of Unke (right hand) {*Contam +Fly rN+ Str+4 Int+6}
   (You found it on level 4 of the Dungeon)

   [ring of flight]

   It affects your strength (+4).
   It affects your intelligence (+6).
   It protects you from negative energy.
   It lets you fly.
   It causes magical contamination when unequipped.
 B - an uncursed ring of fire
 E - a cursed ring of attention {unknown}
 H - a +2 ring of dexterity
 K - the ring "Rusai" (left hand) {rN+ Int+2 Dex+2 SInv}
   (You found it on level 7 of the Dungeon)

   [ring of dexterity]

   It affects your intelligence (+2).
   It affects your dexterity (+2).
   It protects you from negative energy.
   It lets you see invisible.
 M - an uncursed ring of protection from magic {unknown}
 N - a cursed ring of protection from magic {unknown}
 W - an uncursed ring of wizardry {unknown}
Wands
 b - a wand of flame (12)
 r - a wand of iceblast (9)
 I - a wand of clouds (2)
 U - a wand of digging (7)
Scrolls
 a - 7 scrolls of identify
 d - 3 scrolls of random uselessness {unknown}
 m - a scroll of fear
 n - 5 scrolls of magic mapping
 s - 2 scrolls of blinking
 u - 3 scrolls of amnesia
 v - 3 scrolls of enchant armour
 y - 8 scrolls of remove curse
 D - 2 scrolls of enchant weapon {unknown}
 F - 4 scrolls of teleportation
 G - a scroll of fog {unknown}
 L - a scroll of noise {unknown}
 P - 2 scrolls of immolation {unknown}
 R - a scroll of holy word {unknown}
 V - 3 scrolls of brand weapon {unknown}
Potions
 i - 2 potions of agility {unknown}
 o - 2 potions of flight {unknown}
 t - 4 potions of haste
 w - 4 potions of brilliance
 A - a potion of curing
 J - 2 potions of might
 S - a potion of mutation {unknown}
 Y - a potion of cancellation {unknown}
Comestibles
 f - 9 rations


   Skills:
 - Level 10.0 Fighting
 - Level 12.0 Short Blades
 - Level 5.3 Bows
 - Level 2.0 Throwing
 + Level 15.0 Dodging
 + Level 17.8 Stealth
 + Level 13.8 Evocations


You had 13 spell levels left.
You didn't know any spells.
Your spell library contained the following spells:

 Spells                   Type           Power        Failure   Level  Hunger
 Apportation              Tloc           #.....       19%         1    ##.....
 Confusing Touch          Hex            #.....       19%         1    ##.....
 Pain                     Necr           #...         19%         1    ##.....
 Sublimation of Blood     Necr           #.........   26%         2    ###....
 Confuse                  Hex            #.......     47%         3    ####...
 Gell's Gravitas          Tloc           #.........   47%         3    ####...
 Ignite Poison            Fire/Tmut/Pois #.......     47%         3    ####...
 Vampiric Draining        Necr           #.........   47%         3    ####...
 Petrify                  Tmut/Erth      #.......     87%         4    #####..
 Alistair's Intoxication  Tmut/Pois      #.......     99%         5    ######.
 Borgnjor's Vile Clutch   Necr/Erth      #.........   99%         5    ######.
 Fireball                 Conj/Fire      #.........   99%         5    ######.
 Irradiate                Conj/Tmut      #.........   99%         5    ######.
 Metabolic Englaciation   Hex/Ice        #.........   99%         5    ######.
 Yara's Violent Unravell  Hex/Tmut       #.........   99%         5    ######.
 Bolt of Fire             Conj/Fire      #.........   100%        6    #######
 Ring of Flames           Chrm/Fire      #.........   100%        7    #######
 Controlled Blink         Tloc           N/A          100%        8    #######
 Ignition                 Fire           #.........   100%        8    #######


Dungeon Overview and Level Annotations

Branches:
Dungeon (8/15)             Temple (1/1) D:7            Lair (6/6) D:8
 Shoals (2/4) Lair:4        Snake (1/4) Lair:4        Slime (2/5) Lair:5

Altars:
Ashenzari
Cheibriados
Dithmenos
Elyvilon
Fedhas
Hepliaklqana
Makhleb
Nemelex Xobeh
Okawaru
Qazlal
Ru
Sif Muna
Trog
Uskayaw
Vehumet
Wu Jian
Xom
Yredelemnul
Zin
The Shining One

Shops:
D:6 (?**


Innate Abilities, Weirdness & Mutations

You are very small and have problems with some larger weapons.
You are too small for most types of armour.
You have supernaturally acute eyesight. (SInv)
You are a herbivore.
You cover ground extremely quickly.
You need to consume almost no food.
You sometimes yell uncontrollably at your foes.


Message History

Your shadow misses the merfolk.
The merfolk hits you from afar with a +0 trident!
* * * LOW HITPOINT WARNING * * *
The merfolk barely misses you.
The merfolk impaler hits you with a +0 trident!
* * * LOW HITPOINT WARNING * * *
The merfolk completely misses you. The merfolk impaler closely misses you.
You are starting to lose your buoyancy.
You float gracefully downwards.
Splash!
You fall into the shallow water.
Moving in this stuff is going to be slow.
The merfolk siren shouts!
The merfolk siren chants a haunting song.
You resist with almost no effort.
The merfolk siren chants a haunting song.
You resist with almost no effort.
The merfolk hits you from afar with a +0 spear!!
You die...

≈≈.≈≈≈≈≈≈≈≈≈≈≈≈≈≈≈≈≈≈≈≈
≈≈≈≈≈≈≈≈≈≈≈≈≈≈≈≈≈≈≈≈≈≈≈≈.≈≈
≈≈≈≈≈≈≈≈≈≈≈≈≈≈≈≈≈≈≈≈≈≈≈≈..≈≈
≈≈≈≈≈≈≈≈≈≈≈≈≈≈≈≈≈≈≈≈≈≈≈≈≈≈≈≈
≈≈≈≈≈≈≈≈≈≈≈≈≈≈≈≈≈≈≈≈≈≈≈≈≈≈≈≈≈
.≈≈≈≈≈≈≈≈≈≈≈≈m≈≈≈≈≈≈≈≈≈≈≈≈≈≈≈
≈≈≈≈≈≈≈≈≈≈≈≈≈≈≈≈≈≈≈≈≈≈≈≈≈≈≈≈≈≈≈≈
≈≈≈≈≈≈≈≈≈≈≈≈≈≈≈P≈.≈≈≈≈≈≈≈≈≈≈≈≈≈≈
≈≈≈≈≈≈≈≈≈≈≈≈≈≈≈≈@.÷≈≈≈≈≈≈≈≈≈≈≈≈≈≈
≈≈≈≈≈≈≈≈≈≈≈≈≈P......><.≈≈≈≈≈≈≈≈≈≈
≈≈≈≈≈≈≈P≈P≈≈≈PmP##.###..≈≈≈≈≈≈≈≈≈
≈≈≈≈≈≈≈P≈PP≈≈PP..#.###..≈≈≈≈≈≈≈≈≈
≈≈≈≈≈≈P..PP≈≈..[....#...≈≈≈≈≈≈≈≈≈
≈≈≈≈≈≈##.≈≈≈...)..m...≈≈≈≈)≈≈≈≈≈≈
≈≈≈≈≈≈...≈≈≈.m####.m.≈≈≈≈≈≈≈≈≈≈≈≈
≈≈≈≈≈≈≈.≈≈≈≈.## #..≈≈≈≈≈≈≈≈≈≈≈≈≈
≈≈≈≈≈≈≈≈≈≈≈≈≈.####..≈≈≈≈≈≈≈≈≈≈≈≈≈


You could see a merfolk impaler, a merfolk and a merfolk siren.

Vanquished Creatures
  Rupert (Lair:5)
  2 hydras (Lair:3)
  An anaconda (Snake:1)
  A two-headed ogre (D:8)
  A merfolk aquamancer (Shoals:2)
  A merfolk avatar (Shoals:1)
  Urug (Lair:4)
  Nergalle (Lair:1)
  The ghost of Caczuus the Covert, a novice SpEE of Ashenzari (Lair:1)
  4 sea snakes
  2 unseen horrors (D:7)
  A lindwurm (Lair:3)
  An oklob plant (Lair:1)
  4 manticores
  2 fauns
  A shining eye (Slime:1)
  2 cyclopes (D:7)
  2 merfolk sirens (Shoals:2)
  4 elephants
  A naga mage (Snake:1)
  4 black mambas
  3 water nymphs
  7 spiny frogs
  2 rime drakes (Lair:4)
  5 komodo dragons
  A queen bee (D:7)
  8 merfolk
  7 polar bears
  6 hornets
  8 blink frogs
  19 slime creatures
  A snapping turtle (Shoals:1)
  6 hippogriffs
  7 dream sheep
  Sigmund (D:2)
  2 wyverns (Lair:3)
  4 water elementals
  22 yaks
  16 spriggans
  4 basilisks
  17 water moccasins
  9 porcupines
  3 orc warriors
  A sky beast (D:8)
  2 black bears (Lair:6)
  2 ice beasts
  2 necrophages (D:7)
  24 wolves
  4 boggarts
  3 ogres
  A centaur (D:7)
  20 crocodiles
  Blork the orc (D:5)
  12 bullfrogs
  A wyvern zombie (D:7)
  A scorpion (D:7)
  22 killer bees
  4 wights (D:7)
  3 electric eels (D:5)
  2 crimson imps
  A bullfrog zombie (D:5)
  A centaur zombie (D:7)
  A quasit (D:7)
  4 orc priests
  A bullfrog skeleton (D:5)
  3 hounds
  A centaur skeleton (D:4)
  16 jellies
  8 orc wizards
  Jessica (D:2)
  2 iguanas
  4 worker ants
  2 hound zombies
  A mummy (D:7)
  A worker ant zombie (D:8)
  A gnoll (D:4)
  18 adders
  2 shadow imps
  An adder skeleton (D:5)
  3 worms
  3 dart slugs
  2 leopard geckos
  34 orcs
  5 bats (D:2)
  A giant cockroach (D:4)
  5 goblins
  3 hobgoblins
  27 jackals
  12 kobolds
  A quokka (D:8)
  5 frilled lizards
  A jackal skeleton (D:4)
  A quokka skeleton (D:4)
  6 rats
  A butterfly (Lair:3)
480 creatures vanquished.

Vanquished Creatures (others)
  An orc wizard (D:5)
  13 fungi
  6 plants
20 creatures vanquished.

Grand Total: 500 creatures vanquished

Notes
Turn   | Place    | Note
-------+----------+-------------------------------------------
     0 | D:1      | Buxparty the Spriggan Assassin began the quest for the Orb.
     0 | D:1      | Reached XP level 1. HP: 10/10 MP: 2/2
   249 | D:1      | Reached skill level 6 in Stealth
   273 | D:1      | Reached XP level 2. HP: 4/14 MP: 3/3
  1023 | D:2      | Noticed Sigmund
  1061 | D:2      | Killed Sigmund
  1061 | D:2      | Reached skill level 7 in Stealth
  1061 | D:2      | Reached XP level 3. HP: 18/18 MP: 4/4
  1061 | D:2      | Reached XP level 4. HP: 22/22 MP: 5/5
  1061 | D:2      | Reached XP level 5. HP: 25/25 MP: 6/6
  1185 | D:2      | Noticed Jessica
  1191 | D:2      | Killed Jessica
  1463 | D:2      | Found an iron altar of Okawaru.
  1682 | D:2      | Reached skill level 5 in Dodging
  1914 | D:3      | Reached skill level 8 in Stealth
  2041 | D:3      | Reached XP level 6. HP: 28/30 MP: 7/7
  2553 | D:4      | HP: 1/30 [orc/+0 dagger (3)]
  3157 | D:4      | Reached skill level 5 in Short Blades
  3260 | D:4      | Reached XP level 7. HP: 27/33 MP: 6/8
  3312 | D:4      | Reached skill level 9 in Stealth
  3599 | D:4      | Got a scintillating jade ring
  3917 | D:5      | Entered Level 5 of the Dungeon
  4419 | D:5      | Got a fine dagger
  4420 | D:5      | Identified the +4 dagger of Madwu {drain, Fragile MP+9
                  | Stlth+} (You found it on level 5 of the Dungeon)
  4550 | D:5      | Noticed Blork the orc
  4555 | D:5      | Killed Blork the orc
  4597 | D:5      | Reached skill level 10 in Stealth
  4655 | D:5      | Reached XP level 8. HP: 37/37 MP: 9/9
  5174 | D:6      | Found Hylet's General Store.
  5247 | D:6      | Found a hazy altar of Hepliaklqana.
  5303 | D:6      | Found Byahiss's Antique Weapon Emporium.
  5341 | D:6      | Found a snail-covered altar of Cheibriados.
  5463 | D:6      | Found Inynyg's Magic Scroll Shop.
  5523 | D:6      | Found Gunuk's General Store.
  5679 | D:7      | Reached skill level 10 in Dodging
  5842 | D:7      | Found a staircase to the Ecumenical Temple.
  5855 | Temple   | Entered the Ecumenical Temple
  6060 | Temple   | Became a worshipper of Dithmenos the Shadowed
  6152 | D:7      | Found a glowing golden altar of the Shining One.
  6153 | D:7      | Found an iron altar of Okawaru.
  6153 | D:7      | Found a sacrificial altar of Ru.
  6153 | D:7      | Found a glowing golden altar of the Shining One.
  6208 | D:7      | Reached XP level 9. HP: 9/40 MP: 8/10
  6837 | D:7      | Noticed a cyclops
  6871 | D:7      | Killed a cyclops
  6905 | D:7      | Got a fine brass ring
  6906 | D:7      | Identified the ring "Rusai" {rN+ Int+2 Dex+2 SInv} (You
                  | found it on level 7 of the Dungeon)
  6907 | D:7      | Identified the ring of Unke {*Contam +Fly rN+ Str+4 Int+6}
                  | (You found it on level 4 of the Dungeon)
  7206 | D:7      | Reached skill level 1 in Bows
  7213 | D:7      | Noticed an unseen horror
  7217 | D:7      | Killed an unseen horror
  7226 | D:7      | Noticed a cyclops
  7229 | D:7      | Killed a cyclops
  7229 | D:7      | Reached * piety under Dithmenos
  7229 | D:7      | Reached skill level 10 in Short Blades
  7233 | D:7      | Noticed an unseen horror
  7234 | D:7      | Killed an unseen horror
  7234 | D:7      | Reached skill level 5 in Bows
  7234 | D:7      | Reached XP level 10. HP: 48/48 MP: 11/11
  7237 | D:7      | Identified Leigopn's Catalogue of Black Rites and
                  | Translocation
  7382 | D:7      | Reached skill level 1 in Evocations
  7961 | D:7      | Reached skill level 5 in Fighting
  7995 | D:8      | Reached ** piety under Dithmenos
  8013 | D:8      | Noticed a two-headed ogre
  8227 | D:8      | Reached skill level 5 in Evocations
  8358 | D:8      | Killed a two-headed ogre
  8590 | D:8      | Noticed an elephant
  8591 | D:8      | Found a staircase to the Lair.
  8628 | D:8      | Killed an elephant
  8750 | D:8      | Found a stormy altar of Qazlal.
  8805 | D:8      | Found a glowing silver altar of Zin.
  8904 | D:8      | Reached XP level 11. HP: 29/57 MP: 16/17
  9150 | D:8      | Found a bloodstained altar of Trog.
  9177 | Lair:1   | Entered Level 1 of the Lair of Beasts
  9177 | Lair:1   | Noticed an oklob plant
  9587 | Lair:1   | Found a runed translucent door.
  9588 | Lair:1   | Noticed Caczuus's ghost (novice SpEE)
  9590 | Lair:1   | Identified the +5 spear "Killer Bee's Curse" {protect,
                  | rPois rF++ Dex+2}
  9591 | Lair:1   | Noticed a spriggan rider
  9890 | Lair:1   | Noticed Nergalle
  9938 | Lair:1   | Killed Nergalle
 10508 | Lair:2   | Reached *** piety under Dithmenos
 10588 | Lair:2   | Reached skill level 11 in Stealth
 10830 | Lair:2   | You fall into a shaft and drop 2 floors!
 10844 | Lair:3   | Noticed a seven-headed hydra
 10852 | Lair:3   | Noticed a lindwurm
 10999 | Lair:3   | Noticed a seven-headed hydra
 11004 | Lair:3   | Killed a seven-headed hydra
 11032 | Lair:3   | Reached skill level 12 in Stealth
 11052 | Lair:3   | Reached skill level 10 in Evocations
 12217 | Lair:3   | Reached skill level 13 in Stealth
 12833 | Lair:3   | Reached XP level 12. HP: 61/63 MP: 20/20
 12912 | Lair:3   | Reached **** piety under Dithmenos
 13256 | Lair:3   | Killed a seven-headed hydra
 13256 | Lair:3   | Reached skill level 14 in Stealth
 13566 | Lair:4   | Found a staircase to the Snake Pit.
 13734 | Lair:4   | Found a staircase to the Shoals.
 13737 | Lair:4   | Noticed Urug
 13786 | Lair:4   | Killed Urug
 14412 | Snake:1  | Entered Level 1 of the Snake Pit
 14438 | Snake:1  | Noticed an anaconda
 14445 | Snake:1  | Noticed an anaconda
 14446 | Snake:1  | Killed an anaconda
 14446 | Snake:1  | Reached skill level 15 in Stealth
 15059 | Lair:5   | Found a staircase to the Slime Pits.
 15434 | Lair:5   | Noticed Rupert
 15441 | Lair:5   | Killed Rupert
 15806 | Lair:6   | Entered Level 6 of the Lair of Beasts
 15869 | Lair:6   | Reached XP level 13. HP: 57/70 MP: 22/22
 15873 | Lair:6   | Reached ***** piety under Dithmenos
 15901 | Lair:6   | Got an ancient robe
 16032 | Lair:6   | Identified the +2 robe "Gaveal" {rF++ rC+ Regen+ rCorr}
                  | (You found it on level 6 of the Lair of Beasts)
 16150 | Lair:6   | Reached skill level 16 in Stealth
 16912 | Lair:6   | Paralysed by a hornet for 2 turns
 18732 | Lair:6   | Paralysed by a hornet for 2 turns
 19259 | Slime:1  | Entered Level 1 of the Pits of Slime
 19259 | Slime:1  | Noticed an acid blob
 19511 | Lair:5   | HP: 1/70 [acid (4)]
 19840 | Slime:1  | Gained mutation: You occasionally shout uncontrollably at
                  | your foes. [a shining eye]
 20397 | Slime:2  | Gained mutation: You sometimes yell uncontrollably at your
                  | foes. [a shining eye]
 20411 | Slime:2  | Noticed an azure jelly
 20562 | Slime:1  | Reached skill level 17 in Stealth
 21276 | Lair:1   | Killed Caczuus's ghost
 21628 | Lair:2   | You fall into a shaft and drop 1 floor!
 21765 | Shoals:1 | Entered Level 1 of the Shoals
 22460 | Lair:4   | Reached XP level 14. HP: 71/76 MP: 24/24
 22828 | Shoals:1 | Reached skill level 10 in Fighting
 23327 | Shoals:2 | HP: 1/77 [faun/sling bullet (9)]
 24254 | Shoals:1 | Reached skill level 15 in Dodging
 24299 | Shoals:2 | Slain by a merfolk

Levels and vault maps discovered:
D:1:      sevenhm_arrival_forest_fort_large_2, layout_basic,
          minmay_misc_feat_diagonals
D:2:      layout_loops_ring, okawaru_ov_weapons_minmay,
          minmay_increasing_density, uniq_sigmund, uniq_jessica
D:3:      layout_rooms, first_ration
D:4:      kb_forest_paths, layout_basic
D:5:      cheibrodos_two_vegetables, layout_rooms, uniq_blork_the_orc
D:6:      layout_rooms, kennysheep_slug_shrine, kennysheep_mini_moat,
          serial_shops, shop_fountains, kennysheep_mini, nicolae_shop_crystal,
          shop
D:7:      minmay_the_grid_octo_2x2 [minmay_the_grid_octo_77,
          minmay_the_grid_octo_horde, minmay_the_grid_octo_shrine,
          minmay_the_grid_octo_prize_single_spiral], layout_basic,
          minmay_temple_entry_gardened_gates, serial_undead, serial_undead_b,
          serial_undead_f, serial_undead_f, serial_undead_d, serial_undead_b,
          serial_undead_d
D:8:      layout_rooms, grunt_qazlal_sundering, nicolae_overflow_crystal_walls,
          david_lair_generic, david_nohive_1, bloody_trog
Temple:   regret_index_temple_generic_petals
Lair:1:   statuecave_lemuel, layout_regular_city, ebering_ghost_funeral_grove,
          dpeg_stationary_puzzle, uniq_nergalle
Lair:2:   beast_lair_carwin_large_2, layout_chaotic_city
Lair:3:   layout_regular_city, lemuel_fruit_fields, lemuel_fruit_tree,
          lemuel_fruit_fields
Lair:4:   layout_concentric_octagons, shoals_dummy_entry,
          minmay_snake_entry_six_corridors, uniq_urug
Lair:5:   layout_cave_pods, minmay_slime_entry_jelly_boxes,
          serial_bayou_shore_b, uniq_rupert
Lair:6:   minmay_lair_end_enchanted_forest, layout_hall_layers
Shoals:1: layout_shoals
Shoals:2: layout_shoals, nicolae_shoals_isolated_beach, uniq_polyphemus
Snake:1:  layout_chambers
Slime:1:  layout_caves
Slime:2:  layout_caves, uniq_dissolution

Skill      XL: |  1  2  3  4  5  6  7  8  9 10 11 12 13 14 |
---------------+-------------------------------------------+-----
Dodging        | 2 4 5 6 7 10 11 12 14 15 | 15.0
Stealth        | 6 7 8 10 13 15 17 | 17.8
Short Blades   | 3 4 5 6 8 10 11 12 | 12.0
Bows           | 5 |  5.3
Fighting       | 3 6 8 9 10 | 10.0
Evocations     | 7 10 11 13 | 13.8
Throwing       | |  2.0

Action                   |  1- 3 |  4- 6 |  7- 9 | 10-12 | 13-15 || total
-------------------------+-------+-------+-------+-------+-------++-------
Melee: Dagger            |    45 |   374 |   470 |  1165 |  1577 ||  3631
Throw: Dart              |    21 |     6 |    21 |    62 |   132 ||   242
 Abil: Evoke Flight      |       |       |       |       |     2 ||     2
Evoke: Wand              |       |       |       |     6 |    27 ||    33
  Use: Scroll            |       |     3 |       |    12 |     6 ||    21
       Potion            |       |       |       |     4 |     6 ||    10
 Stab: Sleeping          |     4 |     8 |    28 |    45 |     8 ||    93
       Distracted        |       |     1 |       |     6 |     9 ||    16
  Eat: Ration            |       |     3 |       |     7 |     7 ||    17
Armor: Robe              |     6 |    39 |    21 |    47 |    59 ||   172
Dodge: Dodged            |    55 |   271 |   288 |  1110 |  1398 ||  3122
